 Dungeon Crawl Stone Soup version 0.31.0-1-g2c135a0 (webtiles) character file.

Game seed: 6102042236959114744

3779 diresend the Magician (level 10, -5/72 HPs)
             Began as a Djinni Hedge Wizard on Mar 28, 2024.
             Was an Initiate of Gozag.
             Shot with an arrow by a centaur (11 damage)
             ... on level 9 of the Dungeon on Mar 29, 2024.
             The game lasted 01:08:19 (9573 turns).

diresend the Magician (Djinni Hedge Wizard)         Turns: 9573, Time: 01:08:22

Health: -5/72      AC:  6    Str: 11    XL:     10   Next: 38%
Gold:   961        EV: 14    Int: 25    God:    Gozag SH:  0 Dex: 12

rFire   + + +        u - +2 dagger (venom)
rCold   . . .        (no shield)
rNeg    . . .        K - +2 robe {Will+}
rPois   ∞            c - +2 hat
rElec   .            m - scarf {rC+ rF+}
rCorr   .            (no gloves)
SInv    +            (boots unavailable)
Will    ++...        (no amulet)
Stlth   +++          f - ring of see invisible
HPRegen 0.32/turn    E - +6 ring of intelligence
MPRegen 0.00/turn

%: infuse magic (-6 HP)
@: gold aura, flying
A: sickness immunity, fire resistance 2, cold vulnerability 1, float, innate
caster, HP casting, extra vitality 1
a: Renounce Religion, Potion Petition, Call Merchant, Bribe Branch


You were on level 9 of the Dungeon.
You worshipped Gozag.
Gozag was pleased with you.
You visited 1 branch of the dungeon, and saw 9 of its levels.

You collected 1013 gold pieces.
You paid 52 gold pieces to Gozag.

Inventory:

Hand Weapons
 a - a +0 dagger
 t - a +1 whip of freezing
 u - a +2 dagger of venom (weapon)
 C - a +0 spear of freezing
 D - a +0 double sword
 I - a +2 trident of draining
Missiles
 g - 2 throwing nets
 h - 81 stones
 k - 4 boomerangs
 x - 22 poisoned darts
Armour
 b - a +0 robe
 c - a +2 hat (worn)
 m - a scarf of resistance (worn)
 n - the +8 chain mail "Moixt" {MP+9 Int+5 Stlth-}
   (You found it on level 2 of the Dungeon)

   Int+5:     It affects your intelligence (+5).
   MP+9:      It affects your magic capacity (+9).
   Stlth-:    It makes you less stealthy.
 B - a +0 tower shield of protection
 J - an orb of energy
 K - a +2 robe of willpower (worn)
 P - the +0 leather armour of Vlad {rElec rC+ Str-4 Dex+3}
   (You found it on level 8 of the Dungeon)

   Str-4:     It affects your strength (-4).
   Dex+3:     It affects your dexterity (+3).
   rC+:       It protects you from cold.
   rElec:     It insulates you from electricity.
Jewellery
 f - a ring of see invisible (left hand)
 s - a ring of protection from fire
 v - a ring of fire
 E - a +6 ring of intelligence (right hand)
 M - a ring of protection from cold
Wands
 y - a wand of iceblast (9)
 F - a wand of paralysis (26)
 H - a wand of quicksilver (5)
Scrolls
 e - a scroll of blinking
 l - 3 scrolls of teleportation
 r - 2 scrolls of noise
 Q - a scroll of immolation
Potions
 d - a potion of lignification {unknown}
 i - 3 potions of curing
 j - 2 potions of might
 o - 2 potions of brilliance
 p - 4 potions of mutation
 q - a potion of haste
 w - a potion of resistance {unknown}
 z - 2 potions of enlightenment {unknown}
 A - a potion of ambrosia {unknown}
 G - 2 potions of berserk rage {unknown}
 L - a potion of attraction {unknown}
 N - a potion of heal wounds {unknown}


   Skills:
 - Level 6.0 Fighting
 - Level 4.2 Short Blades
 * Level 0.7 Armour
 - Level 6.0 Dodging
 - Level 5.0 Stealth
 - Level 1.0 Unarmed Combat
 * Level 7.9 Spellcasting
 * Level 7.9 Conjurations
 * Level 7.9 Hexes
 * Level 7.9 Summonings
 * Level 7.9 Necromancy
 * Level 7.9 Translocations
 * Level 7.9 Fire Magic
 * Level 7.9 Ice Magic
 * Level 7.9 Air Magic
 * Level 7.9 Earth Magic
 * Level 7.9 Alchemy


You knew the following spells:

 Your Spells              Type           Power      Damage    Failure   Level
a - Magic Dart            Conj           100%       1d8       1%          1
b - Slow                  Hex            100%       N/A       1%          1
c - Blink                 Tloc           98%        N/A       1%          2
d - Call Imp              Summ           98%        N/A       1%          2
e - Mephitic Cloud        Conj/Alch/Air  49%        N/A       1%          3
f - Sandblast             Erth           98%        2d20      1%          1
g - Ensorcelled Hibernat  Hex/Ice        98%        N/A       1%          2
h - Scorch                Fire           98%        2d9       1%          2
i - Petrify               Alch/Erth      49%        N/A       2%          4
Your spell library was empty.

Dungeon Overview and Level Annotations

Branches:
Dungeon (9/15)                Orc (0/2) D:9
 Temple: D:4-7         Lair: D:8-11

Altars:
Ashenzari
Fedhas
Gozag
Wu Jian


Innate Abilities, Weirdness & Mutations

You are immune to sickness and miasma.
You are immune to poison.
Your flesh is very heat resistant. (rF++)
You are vulnerable to cold. (rC-)
You float through the air rather than walking.
You learn spells naturally, not from books.
Your magical power is your life essence.
You have superior vitality. (+4 MHP)


Message History

You feel better.
The centaur shoots an arrow.
The arrow closely misses you.
Casting: Scorch (safe; 1% risk of failure)
Confirm with . or Enter, or press ? or * to list all spells.
Aiming: Magic Dart (safe; 1% risk of failure)
Press: ? - help, Shift-Dir - straight line, f - centaur
Aim: a centaur, wielding a +0 orcbow (severely wounded, 100% to hit)
The magic dart hits the centaur.
The centaur is severely wounded.
* * * LOW HITPOINT WARNING * * *
The centaur shoots an arrow.
The arrow barely misses you.
Casting: Magic Dart (safe; 1% risk of failure)
Confirm with . or Enter, or press ? or * to list all spells.
Aiming: Magic Dart (safe; 1% risk of failure)
Press: ? - help, Shift-Dir - straight line, f/p - centaur
Aim: a centaur, wielding a +0 orcbow (severely wounded, 100% to hit)
The magic dart hits the centaur.
The centaur is almost dead.
* * * LOW HITPOINT WARNING * * *
The centaur shoots an arrow.
The arrow hits you!
* * * LOW HITPOINT WARNING * * *
Casting: Magic Dart (safe; 1% risk of failure)
Confirm with . or Enter, or press ? or * to list all spells.
Flames lash the wight.
The wight is almost destroyed.
The wight's fire resistance burns away.
* * * LOW HITPOINT WARNING * * *
The wight attacks as it pursues you! The wight barely misses you.
The wight attacks as it pursues you! The wight barely misses you.
The wight attacks as it pursues you! The wight barely misses you.
The wight is no longer more vulnerable to fire.
The centaur shoots an arrow.
The arrow barely misses you. The wight attacks as it pursues you!
The wight closely misses you.
Casting: Scorch (safe; 1% risk of failure)
Confirm with . or Enter, or press ? or * to list all spells.
Flames lash the wight.
You destroy the wight!
* * * LOW HITPOINT WARNING * * *
The centaur shoots an arrow.
The arrow hits you!
You die...
Your body crumbles into a pile of gold.

#....# #....#
#....#####
#z.......#
#.######.#
##>#####z# #.#
....(..zc# #.#
.........# #.#
......z..# #@#
.........# +$#
.........######c#
(........z......#
####$....z......#
#..########..# #.
#..# #..# #..#


You could see a centaur.

Vanquished Creatures
  Jeremiah (D:7)
  Sigmund (D:3)
  3 steam dragons
  A water moccasin (D:8)
  2 ice beasts
  2 ogres (D:5)
  A phantom (D:5)
  A kobold brigand (D:6)
  2 bullfrogs
  A gnoll sergeant (D:8)
  3 scorpions
  A wyvern zombie (D:7)
  2 burial acolytes (D:7)
  2 wights
  5 killer bees (D:5)
  A howler monkey (D:5)
  2 bombardier beetles
  2 centaur zombies (D:7)
  A human zombie (D:7)
  4 hounds
  2 orc priests (D:8)
  4 jellies
  A gnoll bouda (D:8)
  A sleepcap (D:6)
  4 iguanas
  5 orc wizards
  2 killer bee zombies (D:7)
  3 howler monkey zombies (D:7)
  5 adders
  22 gnolls
  A shadow imp (D:7)
  A white imp (D:5)
  4 ufetubi
  A dart slug (D:2)
  9 orcs
  9 endoplasms
  2 giant cockroaches
  4 hobgoblins
  5 jackals
  15 kobolds
  3 quokkas
  10 ball pythons
  2 bats (D:1)
  2 frilled lizards (D:1)
  8 goblins
  7 rats
170 creatures vanquished.

Vanquished Creatures (collateral kills)
  2 ogres
  A scorpion (D:5)
  An orc priest (D:4)
  A gnoll bouda (D:6)
  A hound (D:4)
  A gnoll (D:6)
  A dart slug (D:3)
  2 ball pythons (D:3)
  A giant cockroach (D:3)
  2 jackals
13 creatures vanquished.

Grand Total: 183 creatures vanquished

Notes
Turn   | Place    | Note
-------+----------+-------------------------------------------
     0 | D:1      | diresend the Djinni Hedge Wizard began the quest for the
                  | Orb.
     0 | D:1      | diresend set off with the following spells memorised: Magic
                  | Dart, Slow, Blink, Call Imp, Mephitic Cloud.
     0 | D:1      | Reached XP level 1. HP: 15/15 MP: 0/0
    88 | D:1      | Reached XP level 2. HP: 15/21 MP: 0/0
  1282 | D:2      | Reached XP level 3. HP: 21/26 MP: 0/0
  1282 | D:2      | Learned a level 1 spell: Sandblast
  1296 | D:2      | Identified the +8 chain mail "Moixt" {MP+9 Int+5 Stlth-}
  1373 | D:2      | Reached skill level 1 in Fighting
  1827 | D:2      | Found an ornate altar of the Wu Jian Council.
  1886 | D:2      | Reached skill level 1 in Unarmed Combat
  1981 | D:2      | Reached XP level 4. HP: 30/32 MP: 0/0
  2206 | D:2      | Found a faded altar of an unknown god.
  2508 | D:3      | Reached XP level 5. HP: 14/38 MP: 0/0
  2508 | D:3      | Learned a level 2 spell: Ensorcelled Hibernation
  2796 | D:3      | Noticed an ogre
  2808 | D:3      | Killed an ogre
  2809 | D:3      | Reached skill level 1 in Short Blades
  2809 | D:3      | Reached XP level 6. HP: 36/46 MP: 0/0
  2961 | D:3      | Noticed Sigmund
  3000 | D:3      | Killed Sigmund
  3001 | D:3      | Reached XP level 7. HP: 37/52 MP: 0/0
  3001 | D:3      | Learned a level 2 spell: Scorch
  4194 | D:4      | Found an opulent altar of Gozag.
  4194 | D:4      | Found a broken altar of Ashenzari.
  4217 | D:4      | Became a worshipper of Gozag Ym Sagoz the Greedy
  4417 | D:5      | Entered Level 5 of the Dungeon
  4517 | D:5      | Reached XP level 8. HP: 57/58 MP: 0/0
  4587 | D:5      | Reached skill level 5 in Fighting
  4754 | D:5      | Reached skill level 5 in Spellcasting
  4754 | D:5      | Reached skill level 5 in Conjurations
  4754 | D:5      | Reached skill level 5 in Hexes
  4754 | D:5      | Reached skill level 5 in Summonings
  4754 | D:5      | Reached skill level 5 in Necromancy
  4754 | D:5      | Reached skill level 5 in Translocations
  4754 | D:5      | Reached skill level 5 in Fire Magic
  4754 | D:5      | Reached skill level 5 in Ice Magic
  4754 | D:5      | Reached skill level 5 in Air Magic
  4754 | D:5      | Reached skill level 5 in Earth Magic
  4754 | D:5      | Reached skill level 5 in Alchemy
  5025 | D:5      | Reached skill level 5 in Dodging
  5025 | D:5      | Reached XP level 9. HP: 44/65 MP: 0/0
  5025 | D:5      | Learned a level 4 spell: Petrify
  5609 | D:6      | Reached skill level 5 in Stealth
  6444 | D:6      | Found a blossoming altar of Fedhas.
  6783 | D:7      | Found an ornate altar of the Wu Jian Council.
  6948 | D:7      | Noticed Jeremiah
  7229 | D:7      | Killed Jeremiah
  7421 | D:7      | Reached XP level 10. HP: 41/72 MP: 0/0
  9213 | D:8      | Identified the +0 leather armour of Vlad {rElec rC+ Str-4
                  | Dex+3}
  9559 | D:9      | Found a staircase to the Orcish Mines.
  9573 | D:9      | Shot with an arrow by a centaur

Illustrated notes

Levels and vault maps discovered:
D:1:      nzn_arrival_crosshair, layout_basic, minmay_splitting_lines
D:2:      layout_loops_corners, basic_altar, serial_bayou, serial_bayou_pond_a,
          serial_bayou_ford_a, serial_bayou_pond_b, serial_bayou_shore_a,
          serial_bayou_lagoon_a, serial_bayou_pond_c, basic_ecumenical_altar,
          kennysheep_generic_room_11
D:3:      layout_basic, minmay_cupped, uniq_sigmund
D:4:      layout_loops_corners, amethyst_overflow_temple_binary,
          minmay_misc_feat_secret_circle
D:5:      layout_rooms, serial_corexii_hall, corexii_hall_statues_x,
          chequers_hall_statues_corner_a
D:6:      layout_basic, fedhas_altar_1, minmay_temple_entry_from_below_b,
          nicolae_zig_zag_zippers
D:7:      layout_cave_pods, mainiacjoe_overflow_alcove_2,
          lemuel_mausoleum_altar_kikubaaqudgha, uniq_jeremiah
D:8:      layout_loops_corners
D:9:      layout_irregular_city, kennysheep_mini, orc_0_dummy, enter_bailey_8

Skill      XL: |  1  2  3  4  5  6  7  8  9 10 |
---------------+-------------------------------+-----
Fighting       | 1 2 3 4 5 6 |  6.0
Stealth        | 2 4 5 |  5.0
Unarmed Combat | 1 |  1.0
Dodging        | 3 5 6 |  6.0
Short Blades   | 1 2 4 |  4.2
Spellcasting   | 4 5 6 7 |  7.9
Conjurations   | 4 5 6 7 |  7.9
Hexes          | 4 5 6 7 |  7.9
Summonings     | 4 5 6 7 |  7.9
Necromancy     | 4 5 6 7 |  7.9
Translocations | 4 5 6 7 |  7.9
Fire Magic     | 4 5 6 7 |  7.9
Ice Magic      | 4 5 6 7 |  7.9
Air Magic      | 4 5 6 7 |  7.9
Earth Magic    | 4 5 6 7 |  7.9
Alchemy        | 4 5 6 7 |  7.9
Armour         | |  0.7

Action                     |  1- 3 |  4- 6 |  7- 9 | 10-12 || total
---------------------------+-------+-------+-------+-------++-------
  Melee: Dagger            |    54 |     6 |     3 |       ||    63
         Punch             |     1 |     1 |       |       ||     2
   Cast: Magic Dart        |    40 |    45 |   162 |    25 ||   272
         Call Imp          |     1 |     9 |     9 |     1 ||    20
         Sandblast         |     2 |    10 |    25 |    11 ||    48
         Scorch            |       |       |   120 |    66 ||   186
         Mephitic Cloud    |       |       |     1 |     1 ||     2
  Evoke: Wand              |       |       |     1 |       ||     1
    Use: Scroll            |       |     4 |    10 |     3 ||    17
         Potion            |       |       |     2 |     2 ||     4
 Armour: Robe              |    21 |     8 |    49 |    41 ||   119
         Chain mail        |    24 |       |       |       ||    24
  Dodge: Dodged            |    33 |    14 |    46 |    34 ||   127
